AoeStats
← _xRegulusx_

Lombardia

508301609Analyzed
4v4 RM · 12d ago on Sep 21, 2026· 36m 55s· 8 players
Game mode
Random Map
Map size
Large (8 player)
Population
200
Speed
Normal
Resources
Standard
Victory
Conquest
Starting age
Dark Age
Ending age
Imperial Age
RankedLock teamsTeams togetherTeam positionsShared explorationLock speedFull tech treeHidden civsTurbo modeCheats
Victory
Defeat
🇩🇪 Georgians · Germany
1586
+13
🇺🇸 Burgundians · United States
1540
+15
🇺🇸 Aztecs · United States
1450
+19
🇹🇷 Khitans · Türkiye
1436
+19
🇲🇽 Bohemians · Mexico
1534
-17
🇦🇱 Mongols · Albania
1525
-17
🇲🇽 Saracens · Mexico
1502
-16
🇦🇱 Persians · Albania
1492
-16
_xRegulusx_
4:17 Loom
9:55 Feudal Age
10:24 Double-Bit Axe
10:37 Horse Collar
15:06 Gold Mining
15:09 Stone Mining
18:36 Castle Age
17:04 Gold Mining
20:30 Bow Saw
26:45 Wheelbarrow
28:39 Hand Cart
32:30 Imperial Age
30:10 Husbandry
30:44 Scale Barding Armor
31:53 Gold Shaft Mining
31:54 Forging
32:30 Chain Barding Armor
33:25 Bloodlines
33:37 Conscription
34:14 Iron Casting
35:05 Plate Barding Armor
34:30 Elite Mameluke
37:00 Blast Furnace
35:22 Light Cavalry
Yun
8:13 Loom
11:08 Feudal Age
16:45 Castle Age
14:46 Double-Bit Axe
16:13 Horse Collar
18:00 Bow Saw
24:06 Wheelbarrow
24:42 Town Watch
29:37 Imperial Age
27:54 Hand Cart
28:14 Scale Mail Armor
28:25 Forging
27:39 Pikeman
28:46 Squires
29:07 Arson
30:08 Chain Mail Armor
29:47 Halberdier
32:01 Plate Mail Armor
32:06 Iron Casting
33:08 Chemistry
32:48 Conscription
33:09 Heavy Plow
36:32 Blast Furnace
35:51 Wagenburg Tactics
35:19 Houfnice
Pyrro
9:27 Feudal Age
17:56 Castle Age
15:41 Loom
16:30 Double-Bit Axe
16:39 Horse Collar
19:31 Bow Saw
22:46 Wheelbarrow
22:29 Fletching
23:51 Bodkin Arrow
30:57 Ballistics
30:52 Bloodlines
31:31 Heavy Plow
38:24 Imperial Age
35:40 Town Watch
Necromancer
6:43 Loom
9:03 Feudal Age
9:45 Double-Bit Axe
12:33 Horse Collar
18:43 Castle Age
22:35 Bow Saw
25:43 Gold Mining
25:55 Heavy Plow
28:09 Wheelbarrow
29:04 Gold Shaft Mining
32:02 Imperial Age
29:56 Scale Barding Armor
30:49 Hand Cart
30:24 Town Watch
31:08 Bloodlines
30:58 Husbandry
31:04 Husbandry
31:44 Cavalier
33:22 Chain Barding Armor
33:12 Forging
35:01 Masonry
36:42 Plate Barding Armor
36:18 Forging
36:09 Scale Mail Armor
35:59 Fletching
骑猪射箭
7:32 Loom
9:33 Feudal Age
8:17 Double-Bit Axe
9:56 Horse Collar
11:18 Bow Saw
13:01 Scale Barding Armor
14:54 Heavy Plow
17:43 Forging
21:22 Castle Age
23:26 Wheelbarrow
24:06 Stone Mining
26:12 Gold Mining
27:31 Hand Cart
31:40 Imperial Age
29:41 Husbandry
30:45 Iron Casting
31:07 Gold Shaft Mining
31:25 Crop Rotation
32:27 Chain Barding Armor
34:06 Chemistry
33:27 Ballistics
33:46 Fletching
34:32 Plate Barding Armor
34:56 Padded Archer Armor
36:07 Two-Man Saw
PaRappa56
10:35 Feudal Age
11:29 Town Watch
11:45 Loom
14:52 Castle Age
13:18 Double-Bit Axe
13:28 Horse Collar
19:14 Bow Saw
22:10 Wheelbarrow
24:39 Heavy Plow
27:21 Hand Cart
27:03 Gold Mining
27:04 Stone Mining
31:21 Imperial Age
29:08 Scale Mail Armor
29:19 Forging
29:11 Squires
28:56 Arson
30:23 Chain Mail Armor
32:06 Iron Casting
32:27 Gold Shaft Mining
31:24 Elite Jaguar Warrior
32:26 Conscription
34:09 Blast Furnace
33:00 Fletching
33:34 Ballistics
34:15 Chemistry
34:23 Plate Mail Armor
33:45 Fletching
35:27 Garland Wars
DoubleZX
6:36 Loom
8:50 Feudal Age
10:05 Double-Bit Axe
10:32 Horse Collar
13:40 Wheelbarrow
18:48 Castle Age
17:44 Bloodlines
18:07 Forging
18:32 Scale Barding Armor
18:55 Light Cavalry
19:50 Bow Saw
20:24 Heavy Plow
24:57 Town Watch
25:08 Gold Mining
26:35 Stone Mining
30:19 Imperial Age
28:14 Hand Cart
28:35 Chain Barding Armor
29:09 Stone Shaft Mining
28:41 Guard Tower
30:48 Ballistics
30:39 Masonry
29:56 Pikeman
30:36 Squires
30:22 Gambesons
30:55 Svan Towers
31:24 Conscription
31:06 Halberdier
33:06 Keep
32:23 Fletching
32:34 Scale Mail Armor
34:29 Chemistry
33:26 Bodkin Arrow
34:21 Chain Mail Armor
34:42 Iron Casting
33:48 Capped Ram
35:14 Bracer
34:56 Treadmill Crane
36:28 Plate Mail Armor
36:59 Blast Furnace
37:34 Padded Archer Armor
Kaii
7:40 Loom
9:36 Feudal Age
7:52 Loom
10:12 Double-Bit Axe
10:08 Domestication
13:05 Forging
16:13 Wheelbarrow
18:54 Scale Barding Armor
23:23 Castle Age
21:48 Gold Mining
24:19 Bow Saw
24:11 Pastoralism
23:57 Light Cavalry
24:37 Husbandry
25:42 Pastoralism
27:56 Chain Barding Armor
29:35 Iron Casting
32:21 Hand Cart
34:55 Ballistics
34:47 Fletching
38:12 Imperial Age
36:26 Bodkin Arrow
37:05 Scale Mail Armor
Connection lost

Rejoining the realm…

Still unreachable

The connection could not be restored.

Session expired

The server has moved on; the page needs a fresh start.